 Dungeon Crawl Stone Soup version 0.26-a0-28-gc929df5585 (webtiles) character file.

Game seed: 18431722676295462575, levelgen mode: deterministic

10015 Arixos the Fiendish (level 11, -5/87 HPs)
             Began as a Demonspawn Monk on May 28, 2020.
             Was a Priest of Makhleb.
             Succumbed to Sonja's poison
             ... on level 10 of the Dungeon.
             The game lasted 01:31:42 (11451 turns).

Arixos the Fiendish (Demonspawn Monk)              Turns: 11451, Time: 01:31:42

Health: -5/87      AC: 15    Str: 22    XL:     11   Next: 30%
Magic:  26/27      EV: 15    Int: 11    God:    Makhleb [***...]
Gold:   516        SH:  3    Dex: 15    Spells: 10/10 levels left

rFire    + . .     SeeInvis .   j - +2 morningstar (freeze)
rCold    + . .     Gourm    .   k - -2 buckler
rNeg     . . .     Faith    .   N - +0 scale mail {rC+}
rPois    .         Spirit   +   t - +0 helmet
rElec    .         Reflect  .   m - scarf {+Inv}
rCorr    .         Harm     .   (no gloves)
MR       +....                  d - +2 pair of boots
Stlth    +.........             (no amulet)
HPRegen  0.24/turn              C - +6 ring of strength
MPRegen  0.40/turn              x - ring of magical power

@: lethally poisoned (-5 -> -87), slowed, studying Invocations, very slow
A: claws 1, hooves 1, molten scales 2, fire resistance 1, magic resistance 1,
magic shield, magic regeneration
a: Minor Destruction, Lesser Servant of Makhleb, Renounce Religion, Evoke
Invisibility


You were on level 10 of the Dungeon.
You worshipped Makhleb.
Makhleb was most pleased with you.
You were not hungry.

You visited 2 branches of the dungeon, and saw 11 of its levels.
You also visited: Ossuary.

You collected 516 gold pieces.

Inventory:

Hand Weapons
 j - a +2 morningstar of freezing (weapon)
 G - a +0 whip of flaming
Missiles
 a - 42 poisoned darts (quivered)
 A - 5 silver javelins
Armour
 d - a +2 pair of boots (worn)
 k - a -2 buckler (worn)
 m - a scarf of invisibility (worn)
 t - a +0 helmet (worn)
 w - a +2 leather armour of fire resistance
 N - a +0 scale mail of cold resistance (worn)
Jewellery
 n - an uncursed ring of see invisible
 x - a ring of magical power (right claw)
 C - a +6 ring of strength (left claw)
 K - an uncursed ring of protection from cold
Wands
 v - a wand of iceblast (9)
 y - a wand of polymorph (3)
 F - a wand of random effects (13)
Scrolls
 e - 3 scrolls of enchant armour
 f - 7 scrolls of identify
 o - 5 scrolls of teleportation
 p - 3 scrolls of fog
 u - a scroll of fear
 E - a scroll of enchant weapon
 H - 2 scrolls of magic mapping {unknown}
 L - a scroll of acquirement {unknown}
 M - a scroll of amnesia {unknown}
Potions
 c - 2 potions of haste
 g - 3 potions of curing
 h - 5 potions of heal wounds {unknown}
 i - 6 potions of mutation
 l - 3 potions of magic {unknown}
 q - 2 potions of lignification {unknown}
 r - 2 potions of ambrosia {unknown}
 s - a potion of stabbing {unknown}
 z - 3 potions of degeneration {unknown}
 B - 2 potions of brilliance {unknown}
Books
 I - a manual of Invocations
Miscellaneous
 D - a box of beasts
Comestibles
 b - 17 rations
 J - 6 chunks of flesh


   Skills:
 + Level 8.8 Fighting
   Level 3.1 Short Blades
 * Level 5.0 Maces & Flails
 + Level 6.9 Armour
 + Level 7.9 Dodging
 - Level 1.7 Stealth
 - Level 4.0 Shields
 - Level 3.0 Unarmed Combat
 + Level 10.3 Invocations
 + Level 1.2 Evocations


You had 10 spell levels left.
You didn't know any spells.
Your spell library contained the following spells:

 Spells                   Type           Power        Failure   Level  Hunger
 Animate Skeleton         Necr           N/A          63%         1    ##.....
 Magic Dart               Conj           #...         63%         1    ##.....
 Pain                     Necr           #...         63%         1    ##.....
 Blink                    Tloc           N/A          77%         2    ###....
 Call Imp                 Summ           #.......     77%         2    ###....
 Slow                     Hex            #.......     77%         2    ###....
 Confusing Touch          Hex            #.......     94%         3    ####...
 Conjure Flame            Conj/Fire      #.......     94%         3    ####...
 Gell's Gravitas          Tloc           #.........   94%         3    ####...
 Mephitic Cloud           Conj/Pois/Air  #.......     94%         3    ####...
 Vampiric Draining        Necr           #.........   94%         3    ####...
 Animate Dead             Necr           N/A          100%        4    #####..
 Petrify                  Tmut/Erth      #.......     100%        4    #####..
 Agony                    Necr           #.......     100%        5    ######.
 Metabolic Englaciation   Hex/Ice        #.........   100%        5    ######.
 Yara's Violent Unravell  Hex/Tmut       #.........   100%        5    ######.
 Haunt                    Necr/Summ      #.........   100%        7    #######
 Borgnjor's Revivificati  Necr           #.........   100%        8    #######
 Death's Door             Chrm/Necr      #.........   100%        8    #######
 Infestation              Necr           #.........   100%        8    #######
 Necromutation            Tmut/Necr      #.........   100%        8    #######


Dungeon Overview and Level Annotations

Branches:
Dungeon (10/15)            Temple (1/1) D:4         Ossuary (visited)
   Lair: D:8-11         Orc: D:9-12

Altars:
Ashenzari
Cheibriados
Dithmenos
Elyvilon
Fedhas
Gozag
Hepliaklqana
Kikubaaqudgha
Makhleb
Nemelex Xobeh
Okawaru
Qazlal
Ru
Sif Muna
Trog
Uskayaw
Vehumet
Wu Jian
Xom
Yredelemnul
Zin
The Shining One

Annotations:
D:3 1 runed translucent door, Crazy Yiuf
D:6 1 runed translucent door, ohados's ghost, novice OpTm


Innate Abilities, Weirdness & Mutations

You have sharp fingernails.
You are mostly covered in molten scales. (AC +3)
Your flesh is heat resistant. (rF+)
When hurt, damage is shared between your health and your magic reserves.
You regenerate magic rapidly.
You have large cloven feet.
You are resistant to hostile enchantments. (MR+)


Message History

Your larval shockox beast bursts into living lightning!
The living lightning misses the yak.
The living lightning hits your ufetubus.
The living lightning hits the wight!
Your larval shockox beast blinks! x2
Your ufetubus hits the yak. x2
The yak dies!
Makhleb accepts your kill.
Your Maces & Flails skill increases to level 5!
The wight hits your larval shockox beast but does no damage.
Unknown command.
* * * LOW HITPOINT WARNING * * *
You feel extremely sick.
Your ufetubus hits the yak but does no damage. x2
The yak gores your ynoxinul!
Your ufetubus hits the yak but does no damage.
Your ufetubus closely misses the yak.
Your ynoxinul barely misses the yak.
The yak gores your ynoxinul! The yak closely misses your ufetubus.
Your ufetubus hits the yak. x2
You die...

....#.#.####.#.####†#.......#.#.#
..................)...>.........#
......#....#.#.#####........#.#.#
......####.#.#.#####........#.#.#
##....####'#.#.#........#...#.#.#
##....##.....#.#.###....#..##.#..
##...........#.#........#........
##...###.....#.#####.#..#...#.###
##... #.....#..@.Y)Y...#...#.#
####......#z((5.###.##.#
#........53YY..#.##.#
#......#.H5#.#.#.##.#
#......#.z.#.# #.##.#
#......#...#.Y #....#
#......#...#..Y######
########...#...# .####Y..#


You could see 4 yaks, 2 wights, a friendly ynoxinul (summoned, poisoned) and 3
friendly ufetubi.

Vanquished Creatures
  A two-headed ogre (D:8)
  2 unseen horrors
  2 trolls
  A hornet (D:10)
  A hippogriff (D:9)
  A wyvern (D:8)
  A hungry ghost (D:7)
  2 water moccasins
  2 sky beasts
  2 orc warriors
  5 ice beasts
  3 phantoms
  4 ogres
  5 centaurs
  3 big kobolds
  6 bullfrogs
  2 elf zombies (Ossuary)
  3 scorpions
  11 killer bees
  15 wights
  7 howler monkeys
  5 crimson imps
  A centaur zombie (Ossuary)
  2 quasits
  A human zombie (Ossuary)
  3 centaur skeletons
  4 hounds
  3 orc priests
  4 jellies
  A bullfrog skeleton (D:4)
  9 orc wizards
  Terence (D:2)
  Natasha (twice) (D:2 D:1)
  4 worker ants
  A killer bee zombie (D:9)
  3 big kobold zombies (Ossuary)
  2 hound skeletons (D:4)
  2 mummies (Ossuary)
  Robin (D:3)
  3 worker ant zombies
  4 gnolls (D:4)
  7 adders
  A shadow imp (D:6)
  2 oozes
  An adder skeleton (D:8)
  4 worms
  2 dart slugs
  4 leopard geckos
  35 orcs
  6 giant cockroaches
  14 hobgoblins
  4 jackals (D:1)
  18 kobolds
  5 quokkas
  7 ball pythons
  6 bats
  4 frilled lizards
  11 goblins
  A goblin zombie (Ossuary)
  9 hobgoblin zombies (Ossuary)
  A jackal skeleton (D:8)
  9 kobold zombies (Ossuary)
  3 leopard gecko skeletons
  10 orc zombies (Ossuary)
  8 rats
  A rat zombie (Ossuary)
308 creatures vanquished.

Vanquished Creatures (collateral kills)
  A centaur warrior (D:8)
  Sonja (D:10)
  A spriggan (D:7)
  A yak (D:10)
  A steam dragon (D:8)
  A sky beast (D:8)
  A centaur (D:8)
  A killer bee (D:7)
  A wight (D:6)
  A worker ant (D:7)
  A hound zombie (D:7)
  An adder (D:8)
12 creatures vanquished.

Vanquished Creatures (others)
  An unseen horror (D:8)
  A centaur (D:8)
2 creatures vanquished.

Grand Total: 322 creatures vanquished

Notes
Turn   | Place    | Note
-------+----------+-------------------------------------------
     0 | D:1      | Arixos the Demonspawn Monk began the quest for the Orb.
     0 | D:1      | Reached XP level 1. HP: 18/18 MP: 1/1
   257 | D:1      | Gained mutation: You are partially covered in molten
                  | scales. (AC +2) [demonic ancestry]
   257 | D:1      | Reached XP level 2. HP: 24/24 MP: 2/2
   574 | D:1      | You fall into a shaft and drop 1 floor!
   657 | D:2      | Noticed an ogre
   751 | D:2      | Noticed Natasha
   764 | D:2      | Killed Natasha
   764 | D:2      | Gained mutation: You are mostly covered in molten scales.
                  | (AC +3) [demonic ancestry]
   764 | D:2      | Reached XP level 3. HP: 17/29 MP: 3/3
  1037 | D:2      | Noticed Terence
  1042 | D:2      | Killed Terence
  1042 | D:2      | Reached skill level 1 in Short Blades
  1042 | D:2      | Reached XP level 4. HP: 35/37 MP: 4/4
  1516 | D:2      | Noticed Natasha
  1528 | D:1      | Killed Natasha
  1960 | D:3      | Gained mutation: When hurt, damage is shared between your
                  | health and your magic reserves. [demonic ancestry]
  1960 | D:3      | Reached XP level 5. HP: 41/42 MP: 5/5
  2054 | D:3      | Noticed Robin
  2071 | D:3      | Reached skill level 1 in Armour
  2137 | D:3      | Killed Robin
  2586 | D:3      | Found a runed translucent door.
  2587 | D:3      | Noticed Crazy Yiuf
  2955 | D:4      | Noticed an ogre
  2973 | D:3      | Killed an ogre
  2973 | D:3      | Reached XP level 6. HP: 27/49 MP: 3/6
  3696 | D:4      | Reached XP level 7. HP: 55/55 MP: 7/7
  3802 | D:4      | Reached skill level 5 in Fighting
  3906 | D:4      | Found a staircase to the Ecumenical Temple.
  3933 | Temple   | Entered the Ecumenical Temple
  4186 | Temple   | Became a worshipper of Makhleb the Destroyer
  4186 | Temple   | Reached * piety under Makhleb
  4186 | Temple   | Reached ** piety under Makhleb
  4249 | D:5      | Entered Level 5 of the Dungeon
  4263 | D:5      | Reached skill level 1 in Invocations
  4464 | D:5      | Reached skill level 2 in Invocations
  4716 | D:5      | Reached skill level 3 in Invocations
  4733 | D:5      | Reached skill level 5 in Dodging
  4921 | D:5      | Reached XP level 8. HP: 63/63 MP: 10/10
  5015 | D:5      | Reached skill level 4 in Invocations
  5028 | D:5      | Found a shimmering blue altar of Sif Muna.
  5311 | D:5      | Reached skill level 5 in Invocations
  5558 | D:5      | Found an iron altar of Okawaru.
  5752 | D:6      | Reached skill level 6 in Invocations
  5892 | D:6      | Reached skill level 1 in Shields
  5911 | D:6      | Reached *** piety under Makhleb
  6075 | D:6      | Gained mutation: Your flesh is heat resistant. (rF+)
                  | [demonic ancestry]
  6075 | D:6      | Reached XP level 9. HP: 69/70 MP: 14/14
  6080 | D:6      | Noticed ohados's ghost (novice OpTm)
  6083 | D:6      | Found a runed translucent door.
  6118 | D:6      | Found a sand-covered staircase.
  6138 | D:6      | Reached skill level 7 in Invocations
  6164 | Ossuary  | Entered an ossuary
  6548 | Ossuary  | Reached **** piety under Makhleb
  7208 | D:7      | Reached skill level 8 in Invocations
  7562 | D:7      | Reached skill level 5 in Armour
  7603 | D:7      | Reached skill level 1 in Maces & Flails
  8163 | D:8      | Gained mutation: You regenerate magic rapidly. [demonic
                  | ancestry]
  8163 | D:8      | Reached XP level 10. HP: 71/79 MP: 16/16
  8167 | D:8      | Reached skill level 9 in Invocations
  8537 | D:8      | Killed an unseen horror
  8538 | D:8      | Noticed a centaur warrior
  8551 | D:8      | Killed a centaur warrior
  8551 | D:8      | Reached skill level 10 in Invocations
  9227 | D:8      | Noticed an unseen horror
  9510 | D:8      | Killed an unseen horror
  9538 | D:8      | You fall into a shaft and drop 2 floors!
  9538 | D:10     | Entered Level 10 of the Dungeon
  9709 | D:9      | Killed an unseen horror
  9918 | D:9      | Gained mutation: You have sharp fingernails. [demonic
                  | ancestry]
  9918 | D:9      | Reached XP level 11. HP: 87/87 MP: 18/18
 10712 | D:8      | Noticed a two-headed ogre
 10859 | D:8      | Killed a two-headed ogre
 11287 | D:10     | Reached skill level 1 in Evocations
 11438 | D:10     | Noticed Sonja
 11447 | D:10     | Killed Sonja
 11449 | D:10     | Gained mutation: You have large cloven feet. [potion of
                  | mutation]
 11449 | D:10     | Gained mutation: You are resistant to hostile enchantments.
                  | (MR+) [potion of mutation]
 11449 | D:10     | Reached skill level 5 in Maces & Flails
 11450 | D:10     | HP: 4/87 [poisoned by Sonja]
 11451 | D:10     | Succumbed to Sonja's poison

Illustrated notes

Levels and vault maps discovered:
D:1:      dpeg_arrival_arbitrary_b, layout_basic, st_stairs_10
D:2:      layout_basic, uniq_natasha, uniq_terence
D:3:      layout_basic, first_ration, uniq_crazy_yiuf_cottage, uniq_robin
D:4:      cheibrodos_thug_alley, layout_rooms, minmay_temple_entry_poolview
D:5:      layout_cave_pods, nicolae_overflow_crystal_walls, led_sif_pool
D:6:      layout_loops_ring, hellmonk_ghost_happy_afterlife,
          nicolae_ossuary_entry_false_entrances, hangedman_decor_growths,
          patterned_corridor
D:7:      layout_loops_ring, the_bakery
D:8:      minmay_the_grid_square_5x5_3x3
          [minmay_the_grid_square_5x5_two_walls_b,
          minmay_the_grid_square_5x5_eight_small,
          minmay_the_grid_square_5x5_corner, minmay_the_grid_square_5x5_bridge,
          minmay_the_grid_square_5x5_megaprize_checkered,
          minmay_the_grid_square_5x5_broken_cross,
          minmay_the_grid_square_5x5_checkered, minmay_the_grid_square_5x5_n,
          minmay_the_grid_square_5x5_three_small], layout_basic,
          minmay_manual_mares
D:9:      layout_loops_ring, minmay_misc_feat_nine_boxes
D:10:     layout_basic, uniq_sonja
Temple:   nicolae_temple_the_god_donut

Skill      XL: |  1  2  3  4  5  6  7  8  9 10 11 |
---------------+----------------------------------+-----
Dodging        | 3 4 5 6 7 |  7.9
Unarmed Combat | 3 |  3.0
Short Blades   | 1 2 3 |  3.1
Fighting       | 4 5 6 7 8 |  8.8
Armour         | 1 2 3 4 5 6 |  6.9
Invocations    | 3 6 8 10 | 10.3
Shields        | 1 4 |  4.0
Maces & Flails | 1 4 5 |  5.0
Evocations     | 1 |  1.2
Stealth        | |  1.7

Action                   |  1- 3 |  4- 6 |  7- 9 | 10-12 || total
-------------------------+-------+-------+-------+-------++-------
Melee: Unarmed           |    89 |     7 |       |       ||    96
       Punch             |     1 |     1 |     1 |       ||     3
       Short sword       |    16 |   209 |   366 |       ||   591
       Flail             |       |       |   136 |   332 ||   468
       Morningstar       |       |       |       |    39 ||    39
Throw: Dart              |       |       |       |    16 ||    16
Invok: Lesser Servant of |       |       |     4 |     8 ||    12
       Minor Destruction |       |       |       |     1 ||     1
Evoke: Wand              |       |       |       |     5 ||     5
       Box of beasts     |       |       |       |     1 ||     1
  Use: Scroll            |       |     1 |     7 |     3 ||    11
       Potion            |       |       |       |     1 ||     1
 Stab: Sleeping          |     1 |     6 |     1 |       ||     8
       Distracted        |       |     1 |       |       ||     1
  Eat: Chunk             |     1 |     8 |     9 |     8 ||    26
       Ration            |       |       |     3 |     1 ||     4
Armor: Robe              |    21 |       |       |       ||    21
       Ring mail         |       |    55 |    23 |       ||    78
       Scale mail        |       |       |   139 |   215 ||   354
Dodge: Dodged            |    59 |   118 |   279 |   306 ||   762
Block: Buckler           |       |       |    40 |    68 ||   108

Table legend:
 A = Non-vault XP
 B = Vault XP
 C = Vault XP percentage of total XP
 D = Non-vault monster count
 E = Vault monster count
 F = Vault count percentage of total count
                 A         B        C        D         E       F
            +---------+---------+-------+---------+---------+-------
      Total |   10442 |    3866 |  27.0 |     238 |      84 |  26.1
            +---------+---------+-------+---------+---------+-------
        D:1 |      76 |       3 |   3.8 |      24 |       2 |   7.7
        D:2 |      38 |      71 |  65.1 |      13 |       2 |  13.3
        D:3 |     186 |      34 |  15.5 |      24 |      12 |  33.3
        D:4 |     426 |     113 |  21.0 |      21 |       9 |  30.0
        D:5 |    1269 |       0 |   0.0 |      26 |       0 |   0.0
        D:6 |    1047 |       0 |   0.0 |      24 |       0 |   0.0
        D:7 |    1665 |     112 |   6.3 |      39 |       1 |   2.5
        D:8 |    2094 |    2720 |  56.5 |      27 |      18 |  40.0
        D:9 |    2687 |       0 |   0.0 |      30 |       0 |   0.0
       D:10 |     954 |     418 |  30.5 |      10 |       1 |   9.1
    Ossuary |       0 |     395 | 100.0 |       0 |      39 | 100.0
            +---------+---------+-------+---------+---------+-------
